 Dungeon Crawl Stone Soup version 0.25.1-8-g42b30a86e7 (webtiles) character file.

Game seed: 13424453613618766139

600 Destapler the Skirmisher (level 7, -19/64 HPs)
             Began as a Minotaur Summoner on Dec 11, 2020.
             Demolished by Edmund
             ... wielding a +4 dire flail of draining
              (21 damage)
             ... on level 4 of the Dungeon.
             The game lasted 00:06:38 (3836 turns).

Destapler the Skirmisher (Minotaur Summoner)        Turns: 3836, Time: 00:06:38

Health: -19/64     AC:  3    Str: 20    XL:     7   Next: 18%
Magic:  8/8        EV: 13    Int: 12    God:
Gold:   152        SH:  0    Dex: 11    Spells: 7/8 levels left

rFire    . . .     SeeInvis .   d - +0 mace
rCold    . . .     Gourm    .   (no shield)
rNeg     + . .     Faith    .   a - +0 robe
rPois    .         Spirit   .   (helmet restricted)
rElec    .         Reflect  .   (no cloak)
rCorr    .         Harm     .   t - +0 pair of gloves
MR       .....                  (no boots)
Stlth    +.........             (no amulet)
HPRegen  0.20/turn              v - +6 ring of strength
MPRegen  0.11/turn              r - ring of positive energy (curse)

@: drained
A: retaliatory headbutt, horns 2
a: no special abilities


You were on level 4 of the Dungeon.
You were hungry.

You visited 1 branch of the dungeon, and saw 4 of its levels.

You collected 152 gold pieces.

Inventory:

Hand Weapons
 d - a +0 mace (weapon)
Missiles
 g - a curare-tipped dart (quivered)
 h - 12 poisoned darts
 A - 5 boomerangs
Armour
 a - a +0 robe (worn)
 t - a +0 pair of gloves (worn)
Jewellery
 f - an uncursed ring of protection from cold
 r - a cursed ring of positive energy (right hand)
 v - a +6 ring of strength (left hand)
Scrolls
 e - 4 scrolls of identify {unknown}
 i - 2 scrolls of magic mapping {unknown}
 j - a scroll of amnesia {unknown}
 k - a scroll of enchant armour {unknown}
 l - a scroll of fog {unknown}
 o - 2 scrolls of remove curse {unknown}
 w - a scroll of enchant weapon {unknown}
 y - 2 scrolls of teleportation {unknown}
 z - a scroll of fear {unknown}
Potions
 b - a potion of magic {unknown}
 m - 2 potions of flight {unknown}
 p - a potion of berserk rage
 q - 3 potions of heal wounds {unknown}
 s - a potion of mutation {unknown}
 u - a potion of curing {unknown}
 x - 3 potions of lignification {unknown}
Comestibles
 c - 4 rations
 n - 3 chunks of flesh


   Skills:
 * Level 6.3(5.5) Fighting
 + Level 4.3(3.5) Armour
 + Level 4.7(3.9) Dodging
 - Level 1.5(0.8) Stealth
 - Level 1.3(0.6) Spellcasting
 - Level 2.9(2.2) Summonings


You had 7 spell levels left.
You knew the following spells:

 Your Spells              Type           Power        Failure   Level  Hunger
a - Summon Small Mammal   Summ           #...         13%         1    ##.....

Your spell library contained the following spells:

 Spells                   Type           Power        Failure   Level  Hunger
 Call Imp                 Summ           #.......     19%         2    ###....
 Call Canine Familiar     Summ           #.......     36%         3    ####...
 Summon Guardian Golem    Hex/Summ       #.......     52%         3    ####...
 Summon Ice Beast         Ice/Summ       #.......     89%         4    #####..
 Summon Lightning Spire   Summ/Air       #.......     89%         4    #####..


Dungeon Overview and Level Annotations

Branches:
Dungeon (4/15)
 Temple: D:4-7

Altars:
Sif Muna

Annotations:
D:4 Edmund


Innate Abilities, Weirdness & Mutations

You reflexively headbutt those who attack you in melee.
You have a pair of horns on your head.


Message History

Edmund shouts!
A quokka comes into view.
Edmund drinks a potion.
Edmund goes berserk!
Edmund hits you with a +4 dire flail of draining!!
You partially resist.
You feel drained.
Found 6 gold pieces.
You are feeling hungry.
Edmund hits you with a +4 dire flail of draining!
You partially resist.
You feel drained.
* * * LOW HITPOINT WARNING * * *
Some of the chunks of flesh in your inventory have rotted away.
Edmund hits you with a +4 dire flail of draining!!
* * * LOW HITPOINT WARNING * * *
You partially resist.
You feel drained.
* * * LOW HITPOINT WARNING * * *
Edmund hits you with a +4 dire flail of draining!
* * * LOW HITPOINT WARNING * * *
You partially resist.
You feel drained.
Edmund hits you with a +4 dire flail of draining!!
You die...

##################.###.#
.......................#
#####...#######.r#...###
............. #..#...^.#
##..#...##### #..#.#.#.#
............ #..#.#.# #
.#..######## #..#.#.#
.#..# #.@#.# # .#..#
#.@#.# .#..# ........#
.#..# #######.# .#...
... .#... .## .# #. #.
#.


You could see Edmund (berserk) and a quokka.

Vanquished Creatures
  Sigmund (D:2)
  An ogre (D:4)
  A scorpion (D:4)
  A crimson imp (D:3)
  3 orc priests (D:3)
  An orc wizard (D:4)
  7 adders
  An ooze (D:1)
  3 worms
  A dart slug (D:1)
  3 leopard geckos
  12 orcs
  2 ball pythons
  2 giant cockroaches
  5 goblins
  3 hobgoblins
  6 jackals
  3 quokkas
  3 bats (D:1)
  6 frilled lizards
  5 kobolds
  6 rats
76 creatures vanquished.

Vanquished Creatures (others)
  4 jackals (D:1)
4 creatures vanquished.

Grand Total: 80 creatures vanquished

Notes
Turn   | Place    | Note
-------+----------+-------------------------------------------
     0 | D:1      | Destapler the Minotaur Summoner began the quest for the
                  | Orb.
     0 | D:1      | Reached XP level 1. HP: 14/14 MP: 1/1
    36 | D:1      | Reached skill level 1 in Fighting
   253 | D:1      | Reached XP level 2. HP: 17/23 MP: 3/3
   254 | D:1      | Reached skill level 1 in Armour
   845 | D:2      | Noticed Sigmund
   851 | D:2      | Reached skill level 2 in Fighting
   851 | D:2      | Reached XP level 3. HP: 10/29 MP: 4/4
  1307 | D:2      | Killed Sigmund
  1307 | D:2      | Reached skill level 4 in Fighting
  1307 | D:2      | Reached XP level 4. HP: 41/41 MP: 5/5
  1307 | D:2      | Reached XP level 5. HP: 47/47 MP: 6/6
  2232 | D:2      | Found a shimmering blue altar of Sif Muna.
  2861 | D:3      | Reached skill level 5 in Fighting
  2861 | D:3      | Reached XP level 6. HP: 41/56 MP: 7/7
  3539 | D:4      | Reached skill level 6 in Fighting
  3539 | D:4      | Reached XP level 7. HP: 63/63 MP: 8/8
  3823 | D:4      | Noticed Edmund
  3833 | D:4      | HP: 2/64 [Edmund/+4 dire flail of draining (7)]
  3836 | D:4      | Demolished by Edmund

Illustrated notes

Levels and vault maps discovered:
D:1:      minmay_arrival_glassed_features, layout_basic, lemuel_flame_loot_1
D:2:      layout_loops_ring, nicolae_overflow_hidden_temple, uniq_sigmund
D:3:      layout_loops_cross, first_ration
D:4:      layout_basic, uniq_edmund, uniq_natasha, uniq_duvessa

Skill      XL: |  1  2  3  4  5  6 |
---------------+-------------------+-----
Fighting       | 1 2 4 5 6 |  6.3
Armour         | 1 2 3 4 |  4.3
Dodging        | 3 4 |  4.7
Stealth        | |  1.5
Spellcasting   | |  1.3
Summonings     | |  2.9

Action                   |  1- 3 |  4- 6 |  7- 9 || total
-------------------------+-------+-------+-------++-------
Melee: Mace              |    49 |   143 |    17 ||   209
       Headbutt          |     4 |    22 |     5 ||    31
Throw: Dart              |     3 |       |       ||     3
 Cast: Summon Small Mamm |     1 |       |       ||     1
 Stab: Sleeping          |       |     7 |       ||     7
  Eat: Chunk             |       |     9 |       ||     9
Armor: Robe              |    12 |    20 |     3 ||    35
Dodge: Dodged            |    52 |   114 |    16 ||   182
